 Dungeon Crawl Stone Soup version 0.28-a0-312-gbced6e68ee (webtiles) character file.

Game seed: 5845120661841943254

58 theanonym the Skirmisher (level 3, -11/29 HPs)
             Began as a Mummy Cinder Acolyte on Aug 30, 2021.
             Was a High Priest of Ignis.
             Engulfed by a cloud of flame (13 damage)
             ... on level 3 of the Dungeon.
             The game lasted 00:02:54 (2271 turns).

theanonym the Skirmisher (Mummy Cinder Acolyte)     Turns: 2271, Time: 00:02:55

Health: -11/29     AC:  5    Str: 19    XL:     3   Next: 75%
Magic:  5/5        EV: 10    Int: 12    God:    Ignis [*****.]
Gold:   76         SH:  0    Dex:  7    Spells: 3/4 levels left

rFire   . . .      SeeInvis .   a - -1 mace (flame)
rCold   + . .      Faith    .   (no shield)
rNeg    + + +      Spirit   .   e - +0 ring mail
rPois   ∞          Reflect  .   (no helmet)
rElec   .          Harm     .   (no cloak)
rCorr   .          Rampage  .   (no gloves)
Will    .....                   (no boots)
Stlth   ..........              (no amulet)
HPRegen 0.09/turn               (no ring)
MPRegen 0.09/turn               (no ring)

@: about to teleport
A: cold resistance 1, negative energy resistance 3, torment resistance 2, heat
vulnerability 1, no potions
a: Renounce Religion, Sea of Fire, Foxfire Swarm, Rising Flame


Innate Abilities, Weirdness & Mutations

You are immune to poison.
Your flesh is cold resistant. (rC+)
You are immune to negative energy. (rN+++)
You are immune to unholy pain and torment.
You are vulnerable to heat. (rF-)
You do not drink.


   Skills:
 + Level 3.6 Fighting
 * Level 3.5 Maces & Flails
 - Level 1.3 Spellcasting
 - Level 0.7 Fire Magic


You had 3 spell levels left.
You knew the following spells:

 Your Spells              Type           Power      Damage    Failure   Level
a - Foxfire               Conj/Fire      4%         2x1d4     41%         1

Your spell library contained the following spells:

 Spells                   Type           Power      Damage    Failure   Level
 Passwall                 Tmut/Erth      0%         N/A       58%         2
 Swiftness                Air            0%         N/A       83%         3
 Invisibility             Hex            0%         N/A       100%        6

Skill      XL: |  1  2 |
---------------+-------+-----
Maces & Flails | 3 |  3.5
Fighting       | |  3.6
Spellcasting   | |  1.3
Fire Magic     | |  0.7

Action                   || total
-------------------------++-------
Melee: Mace              ||   127
Invok: Sea of Fire       ||     2
  Use: Scroll            ||     1
Armor: Robe              ||     6
       Ring mail         ||    46
Dodge: Dodged            ||    77

Inventory:

Hand Weapons
 a - a -1 mace of flaming (weapon)
Armour
 b - a +0 robe
 e - a +0 ring mail (worn)
Scrolls
 c - a scroll of fog {unknown}
 f - a scroll of identify {unknown}
 g - a scroll of amnesia {unknown}
 h - a scroll of fear {unknown}
 i - a scroll of summoning {unknown}
 t - 3 scrolls of teleportation


You were on level 3 of the Dungeon.
You worshipped Ignis.
Ignis was extremely pleased with you.
You visited 1 branch of the dungeon, and saw 3 of its levels.

You collected 76 gold pieces.

Dungeon Overview and Level Annotations

Branches:
Dungeon (3/15)

Altars:

############ #.....##...#
#.###.##.#.# #######
#.#......#.#
..§§§§§########.#.#.####.#
....☼☼§.§§§§§§............
......§.§§§§###.#.#.####.#
.......#§§§# #.#...# #..
.......#§@§# #.##########
.......#l§§####...........
........§§§§§.............
....§§§#§§§##############.
..§§§§§#§§§# #.
..§§§§.#§§§# #.
.#######§§§# .. #§§§# ...
#...#


You could see an iguana.

Notes
Turn   | Place    | Note
-------+----------+-------------------------------------------
     0 | D:1      | theanonym the Mummy Cinder Acolyte began the quest for the
                  | Orb.
     0 | D:1      | Reached XP level 1. HP: 18/18 MP: 2/2
    36 | D:1      | HP: 9/18 [hobgoblin (1)]
   518 | D:1      | Reached XP level 2. HP: 24/24 MP: 4/4
   873 | D:1      | Reached skill level 3 in Maces & Flails
   901 | D:1      | HP: 12/24 [kobold (1)]
  1354 | D:1      | Found a faded altar of an unknown god.
  1494 | D:2      | Reached XP level 3. HP: 29/29 MP: 5/5
  2270 | D:3      | HP: 2/29 [cloud of flame (16)]
  2271 | D:3      | Engulfed by a cloud of flame

Vanquished Creatures
  An adder (D:3)
  A worm (D:2)
  A dart slug (D:2)
  3 endoplasms
  A giant cockroach (D:1)
  3 goblins
  7 hobgoblins
  7 jackals
  3 kobolds
  A quokka (D:2)
  4 ball pythons
  4 bats
  2 frilled lizards
  2 rats
40 creatures vanquished.

Table legend: (Time is in decaauts)
 A = Elapsed time spent in this place.
 B = Non-inter-level travel time spent in this place.
 C = Inter-level travel time spent in this place.
 D = Time resting spent in this place.
 E = Time spent auto-exploring this place.
 F = Levels seen in this place.
 G = Mean time per level.
                   A        B        C        D        E       F      G
               +--------+--------+--------+--------+--------+-----+--------+
         Total |   2305 |   2182 |    123 |    712 |   1192 |   3 |  768.3 |
       Dungeon |   2305 |   2182 |    123 |    712 |   1192 |   3 |  768.3 |
               +--------+--------+--------+--------+--------+-----+--------+

Top non-repeatable levels by time:
     D:1: 1414 daAuts
     D:2: 749 daAuts
     D:3: 141 daAuts
